 Dungeon Crawl Stone Soup version 0.27.0-1-g7a089689b8 (webtiles) character file.

Game seed: 3366220872779058594

231 Conn the Firebug (level 6, -2/37 HPs)
             Began as an Octopode Fire Elementalist on Aug 2, 2021.
             Was an Initiate of Sif Muna.
             Slain by a black bear (4 damage)
             ... on level 4 of the Dungeon.
             The game lasted 00:09:38 (4101 turns).

Conn the Firebug (Octopode Fire Elementalist)       Turns: 4101, Time: 00:09:39

Health: -2/37      AC:  1    Str:  7    XL:     6   Next: 4%
Magic:  3/10       EV: 13    Int: 19    God:    Sif Muna [......]
Gold:   162        SH:  0    Dex: 13    Spells: 3/10 levels left

rFire    . . .     SeeInvis .   b - +0 short sword
rCold    . . .     Faith    .   (no shield)
rNeg     . . .     Spirit   .   (helmet restricted)
rPois    .         Reflect  .   (no amulet)
rElec    .         Harm     .   a - +4 ring of slaying
rCorr    .         Rampage  .   (no ring)
Will     .....                  (no ring)
Stlth    +++.......             (no ring)
HPRegen  0.12/turn              (no ring)
MPRegen  0.12/turn              (no ring)
                                (no ring)
                                (no ring)

@: about to teleport
A: almost no armour, amphibious, 8 rings, camouflage 1, gelatinous body 1,
(nimble swimmer 1), tentacles
a: Renounce Religion


You were on level 4 of the Dungeon.
You worshipped Sif Muna.
Sif Muna was noncommittal.
You visited 2 branches of the dungeon, and saw 5 of its levels.

You collected 162 gold pieces.

Inventory:

Hand Weapons
 b - a +0 short sword (weapon)
Jewellery
 a - a +4 ring of slaying (left tentacle)
 k - a ring of ice
Scrolls
 e - 4 scrolls of enchant armour {unknown}
 f - 2 scrolls of teleportation
 g - a scroll of torment {unknown}
 h - a scroll of silence {unknown}
 l - a scroll of identify {unknown}
Potions
 c - a potion of might {unknown}
 d - a potion of haste {unknown}
 i - a potion of lignification {unknown}
 j - a potion of curing


   Skills:
 + Level 0.6 Fighting
 + Level 1.2 Short Blades
 + Level 2.4 Dodging
 + Level 3.6 Stealth
 + Level 2.8 Spellcasting
 * Level 2.9 Conjurations
 * Level 4.3 Fire Magic


You had 3 spell levels left.
You knew the following spells:

 Your Spells              Type           Power      Damage    Failure   Level
a - Foxfire               Conj/Fire      64%        2x1d7     3%          1
b - Conjure Flame         Conj/Fire      16%        6-21      11%         3
c - Inner Flame           Hex/Fire       11%        N/A       19%         3

Your spell library contained the following spells:

 Spells                   Type           Power      Damage    Failure   Level
 Slow                     Hex            2%         N/A       24%         2
 Stone Arrow              Conj/Erth      16%        3d8       26%         3
 Confusing Touch          Hex            2%         N/A       43%         3
 Sticky Flame             Conj/Fire      16%        2d4       34%         4
 Fireball                 Conj/Fire      8%         3d6       67%         5
 Cause Fear               Hex            1%         N/A       83%         4
 Leda's Liquefaction      Hex/Erth       1%         N/A       83%         4
 Bolt of Magma            Conj/Fire/Erth 5%         4d5       85%         5
 Yara's Violent Unravell  Hex/Tmut       1%         3d3       99%         5
 Statue Form              Tmut/Erth      1%         N/A       100%        6
 Discord                  Hex            1%         N/A       100%        8
 Shatter                  Erth           1%         3d5*      100%        9


Dungeon Overview and Level Annotations

Branches:
Dungeon (4/15)             Temple (1/1) D:4

Altars:
Cheibriados
Dithmenos
Elyvilon
Fedhas
Gozag
Hepliaklqana
Kikubaaqudgha
Makhleb
Nemelex Xobeh
Okawaru
Qazlal
Ru
Sif Muna
Uskayaw
Vehumet
Yredelemnul
Zin

Shops:
D:4 *

Annotations:
D:2 Terence
D:3 1 runed translucent door, dracos369's ghost, amateur OgWr


Innate Abilities, Weirdness & Mutations

You cannot wear most types of armour.
You are amphibious.
You can wear up to eight rings at the same time.
Your skin changes colour to match your surroundings (Stealth+).
Your rubbery body absorbs attacks. (AC +1, EV +1)
((You are camouflaged near water. (Stealth+)))
You have tentacles for arms and can constrict up to eight enemies at once.


Message History

Unknown command.
An adder comes into view.
Casting: Foxfire (safe; 3% risk of failure)
Confirm with . or Enter, or press ? or * to list all spells.
You miscast Foxfire.
You are very lightly contaminated with residual magic.
Nothing appears to happen.
The adder hisses angrily.
Unknown command.
Casting: Foxfire (safe; 3% risk of failure)
Confirm with . or Enter, or press ? or * to list all spells.
You conjure some foxfire!
The foxfire hits the lemure.
The lemure is lightly wounded.
The foxfire hits the lemure.
The lemure is moderately wounded.
The black bear goes berserk!
Your magical contamination has completely faded away.
The black bear rages.
You hear an angry growl.
You hear an angry growl.
The lemure misses you. The black bear closely misses you.
The black bear claws you. x2
Okay, then.
Okay, then.
As you read the scroll labelled AVVOGU MEXOROL, it crumbles to dust.
You feel strangely unstable.
It was a scroll of teleportation.
The black bear closely misses you. The black bear claws you!
The black bear claws you but does no damage.
The black bear bites you.
The black bear claws you but does no damage.
The black bear claws you.
* * * LOW HITPOINT WARNING * * *
Okay, then.
Okay, then.
Unknown command.
The black bear bites you!
* * * LOW HITPOINT WARNING * * *
The black bear misses you. The black bear claws you.
You die...

##..# ##...### ##
#?.....##### ###.## #
####...$.##.#####.#..##.#
#.......##.$##...........
#............#..........#
#.............S5...#.....
##.....#.##..#.##h......#
.......#.....###@..#...##
.#.....#.##.......## ###
.#....##...........#
.......h.##.......##
####.....##.......#
#................# #
#.................# ##
#...............#.#
.###...............#..#


You could see a black bear (slow).

Vanquished Creatures
  A black bear (D:4)
  A lemure (D:4)
  An iguana (D:4)
  4 adders
  5 worms
  A dart slug (D:3)
  An orc (D:4)
  7 ball pythons
  8 bats
  8 endoplasms
  A giant cockroach (D:2)
  5 hobgoblins
  2 jackals (D:4)
  5 kobolds
  A quokka (D:1)
  2 frilled lizards (D:2)
  3 goblins (D:1)
  6 rats
62 creatures vanquished.

Vanquished Creatures (collateral kills)
  2 foxfires (D:1)
2 creatures vanquished.

Vanquished Creatures (others)
  228 foxfires
228 creatures vanquished.

Grand Total: 292 creatures vanquished

Notes
Turn   | Place    | Note
-------+----------+-------------------------------------------
     0 | D:1      | Conn the Octopode Fire Elementalist began the quest for the
                  | Orb.
     0 | D:1      | Reached XP level 1. HP: 11/11 MP: 3/3
   264 | D:1      | Reached XP level 2. HP: 17/17 MP: 0/5
  1264 | D:2      | Reached XP level 3. HP: 21/21 MP: 1/6
  1626 | D:2      | Noticed Terence
  2252 | D:2      | Learned a level 3 spell: Conjure Flame
  2285 | D:3      | Found a runed translucent door.
  2291 | D:3      | Reached XP level 4. HP: 27/27 MP: 4/7
  2754 | D:3      | Noticed dracos369's ghost (amateur OgWr)
  3027 | D:3      | Learned a level 3 spell: Inner Flame
  3194 | D:4      | Reached skill level 4 in Fire Magic
  3194 | D:4      | Reached XP level 5. HP: 31/31 MP: 1/8
  3198 | D:4      | Found a staircase to the Ecumenical Temple.
  3381 | D:4      | Found Had Edghaskang's Assorted Antiques.
  3446 | Temple   | Entered the Ecumenical Temple
  3482 | Temple   | Became a worshipper of Sif Muna the Loreminder
  3528 | D:4      | Noticed a black bear
  3546 | D:4      | Killed a black bear
  3547 | D:4      | Reached skill level 1 in Short Blades
  3816 | D:4      | Reached XP level 6. HP: 37/37 MP: 6/10
  3910 | D:4      | Noticed a black bear
  4101 | D:4      | Slain by a black bear

Illustrated notes

Levels and vault maps discovered:
D:1:      minmay_arrival_plants_in_alcoves, layout_basic
D:2:      layout_rooms, serial_bayou_pond_d, uniq_terence
D:3:      layout_loops_ring, ebering_ghost_reflecting_pool
D:4:      layout_cave_pools, minmay_temple_entry_mist, serial_shops,
          nicolae_shop_statue_plus, hangedman_decor_opposing, uniq_pikel
Temple:   nicolae_temple_the_god_donut

Skill      XL: |  1  2  3  4  5 |
---------------+----------------+-----
Stealth        | 3 |  3.6
Conjurations   | 2 |  2.9
Fire Magic     | 4 |  4.3
Short Blades   | 1 |  1.2
Fighting       | |  0.6
Dodging        | |  2.4
Spellcasting   | |  2.8

Action                   |  1- 3 |  4- 6 || total
-------------------------+-------+-------++-------
Melee: Short sword       |     9 |    26 ||    35
       Constrict         |     2 |     8 ||    10
       Tentacles         |       |     3 ||     3
 Cast: Foxfire           |    76 |    64 ||   140
       Conjure Flame     |       |     2 ||     2
  Use: Potion            |       |     1 ||     1
       Scroll            |       |     1 ||     1
 Stab: Sleeping          |     1 |     2 ||     3
Armor: Skin              |       |     4 ||     4
Dodge: Dodged            |     2 |    30 ||    32
